 Dungeon Crawl Stone Soup version 0.26.0-5-gb5863c6483 (webtiles) character file.

Game seed: 16646327021521952561

190 Mattiprrivan the Vexing (level 5, 0/43 HPs)
             Began as a Palentonga Arcane Marksman on Jan 10, 2021.
             Was an Initiate of Ru.
             Slain by Sigmund
             ... wielding a +0 scythe
              (8 damage)
             ... on level 3 of the Dungeon.
             The game lasted 00:41:28 (3698 turns).

Mattiprrivan the Vexing (PaAM)                      Turns: 3698, Time: 00:41:29

Health: 0/43       AC:  4    Str: 14    XL:     5   Next: 41%
Magic:  7/7        EV:  9    Int: 13    God:    Ru [......]
Gold:   127        SH:  0    Dex: 11    Spells: 3/7 levels left

rFire    . . .     SeeInvis +   b - +0 war axe
rCold    . . .     Faith    .   (no shield)
rNeg     . . .     Spirit   .   f - +0 leather armour
rPois    .         Reflect  .   (no helmet)
rElec    .         Harm     .   (no cloak)
rCorr    .         Rampage  .   (no gloves)
Will     .....                  (no barding)
Stlth    +.........             (no amulet)
HPRegen  0.14/turn              (no ring)
MPRegen  0.10/turn              (no ring)

@: no status effects
A: large, rugged brown scales 3, see invisible, deformed body, roll 1, armoured
tail
a: Rolling Charge, Renounce Religion


You were on level 3 of the Dungeon.
You worshipped Ru.
Ru was noncommittal.
You visited 1 branch of the dungeon, and saw 3 of its levels.

You collected 127 gold pieces.

Inventory:

Hand Weapons
 a - a +0 shortbow
 b - a +0 war axe (weapon)
Missiles
 d - 59 arrows
Armour
 f - a +0 leather armour (worn)
Scrolls
 c - 3 scrolls of teleportation
 h - a scroll of remove curse
 i - a scroll of identify


   Skills:
 * Level 2.0 Fighting
 * Level 0.7(0.9) Axes
 - Level 0.4(0.9) Maces & Flails
 - Level 0.1(0.4) Polearms
 - Level 0.4(0.6) Staves
 * Level 3.1 Bows
 * Level 0.9 Armour
 * Level 2.0 Dodging
 * Level 0.5 Unarmed Combat
 * Level 1.7 Spellcasting
 * Level 3.2 Hexes
 * Level 0.3 Fire Magic


You had 3 spell levels left.
You knew the following spells:

 Your Spells              Type           Power        Failure   Level
a - Corona                Hex            10%          9%          1
b - Inner Flame           Hex/Fire       5%           43%         3

Your spell library contained the following spells:

 Spells                   Type           Power        Failure   Level
 Slow                     Hex            9%           13%         2
 Portal Projectile        Hex/Tloc       10%          45%         3
 Cause Fear               Hex            4%           65%         4
 Leda's Liquefaction      Hex/Erth       2%           86%         4


Dungeon Overview and Level Annotations

Branches:
Dungeon (3/15)

Altars:
Ru
Uskayaw

Annotations:
D:3 Sigmund


Innate Abilities, Weirdness & Mutations

You are completely covered in rugged brown scales. (AC +3, +7% HP)
You have supernaturally acute eyesight. (SInv)
Armour fits poorly on your strangely shaped body.
You can roll at nearby foes to attack.
You have a long armoured tail.


Message History

* * * LOW HITPOINT WARNING * * *
Sigmund hits you but does no damage.
Roll where?
Press: ? - help, Dir - move target, f/p - Sigmund
Aim: Sigmund, wielding a +0 scythe and wearing a +0 robe (almost dead, slightly transparent)
You roll forward with a clatter of scales!
You hit Sigmund.
Sigmund is almost dead.
Sigmund points at you and mumbles some strange words.
The magic dart hits you.
* * * LOW HITPOINT WARNING * * *
Your magical contamination has completely faded away.
Roll where?
Press: ? - help, Dir - move target, f/p - Sigmund
Aim: Sigmund, wielding a +0 scythe and wearing a +0 robe (almost dead, slightly transparent)
You roll forward with a clatter of scales!
You barely miss Sigmund.
Sigmund is almost dead.
Sigmund hits you with a +0 scythe!
You die...

#.......+...#.#.##########
#.......#(..#.#.#
#.......+...'.#..
#.......#..(#####
#####......('.....#
#.........#######
#.........#
#......@..#####
#......@.....(..
#......○........
#...............
#...............
#...............
#...............
########........ .......
#######


You could see Sigmund (invisible).

Vanquished Creatures
  Ijyb (D:3)
  Natasha (D:3)
  4 adders
  A worm (D:2)
  2 dart slugs (D:2)
  2 leopard geckos
  6 orcs (D:3)
  9 bats
  8 giant cockroaches
  13 goblins
  6 hobgoblins
  7 jackals
  A quokka (D:3)
  4 frilled lizards
  9 kobolds
  10 rats
  A bush (D:2)
85 creatures vanquished.

Vanquished Creatures (others)
  2 plants (D:2)
2 creatures vanquished.

Grand Total: 87 creatures vanquished

Notes
Turn   | Place    | Note
-------+----------+-------------------------------------------
     0 | D:1      | Mattiprrivan the Palentonga Arcane Marksman began the quest
                  | for the Orb.
     0 | D:1      | Reached XP level 1. HP: 17/17 MP: 2/2
   285 | D:1      | Reached XP level 2. HP: 24/24 MP: 0/3
   684 | D:1      | Reached XP level 3. HP: 29/29 MP: 4/4
   743 | D:1      | Learned a level 3 spell: Inner Flame
  1518 | D:2      | Reached XP level 4. HP: 29/37 MP: 4/6
  2995 | D:3      | Noticed Natasha
  3009 | D:3      | Killed Natasha
  3090 | D:3      | Reached XP level 5. HP: 43/43 MP: 7/7
  3181 | D:3      | Found a sacrificial altar of Ru.
  3186 | D:3      | Found a hide-covered altar of Uskayaw.
  3202 | D:3      | Became a worshipper of Ru the Awakened
  3433 | D:3      | Noticed Ijyb
  3440 | D:3      | Paralysed by Ijyb for 5 turns
  3459 | D:3      | Paralysed by Ijyb for 7 turns
  3479 | D:3      | Killed Ijyb
  3662 | D:3      | Noticed Sigmund
  3698 | D:3      | Slain by Sigmund

Illustrated notes

Levels and vault maps discovered:
D:1:      dpeg_arrival_signposts, layout_basic
D:2:      layout_basic, serial_forest, infiniplex_forest_clump_small,
          infiniplex_forest_straight_1, infiniplex_forest_lined_1,
          infiniplex_forest_lined_room_2, infiniplex_forest_clump_medium,
          infiniplex_forest_lined_corner, infiniplex_forest_lined_4_way,
          infiniplex_forest_clump_tiny
D:3:      layout_basic, grunt_temple_overflow_open, uniq_natasha, uniq_sigmund,
          uniq_ijyb

Skill      XL: |  1  2  3  4  5 |
---------------+----------------+-----
Bows           | 2 3 |  3.1
Dodging        | 2 |  2.0
Fighting       | 2 |  2.0
Axes           | |  0.7
Maces & Flails | |  0.4
Polearms       | |  0.1
Staves         | |  0.4
Armour         | |  0.9
Unarmed Combat | |  0.5
Spellcasting   | |  1.7
Hexes          | |  3.2
Fire Magic     | |  0.3

Action                   |  1- 3 |  4- 6 || total
-------------------------+-------+-------++-------
Melee: Club              |    14 |       ||    14
       War axe           |     6 |   109 ||   115
       Tailslap          |     2 |    14 ||    16
       Punch             |       |     1 ||     1
 Fire: Shortbow          |   116 |   122 ||   238
 Cast: Corona            |     6 |    13 ||    19
 Abil: Rolling Charge    |       |     4 ||     4
  Use: Potion            |     6 |     3 ||     9
       Scroll            |     2 |     2 ||     4
Armor: Robe              |    37 |    56 ||    93
Dodge: Dodged            |    30 |    63 ||    93
